 Dungeon Crawl Stone Soup version 0.28.0 (webtiles) character file.

Game seed: 16835817745969077508

45 PoweredByGinger the Shield-Bearer (level 3, -17/31 HPs)
             Began as a Minotaur Fighter on Feb 15, 2022.
             Demolished by a gnoll (25 damage)
             ... on level 2 of the Dungeon.
             The game lasted 00:01:37 (1583 turns).

PoweredByGinger the Shield-Bearer (MiFi)            Turns: 1583, Time: 00:01:37

Health: -17/31     AC:  6    Str: 22    XL:     3   Next: 42%
Magic:  2/2        EV:  9    Int:  5    God:
Gold:   92         SH:  4    Dex:  9    Spells: 2/2 levels left

rFire   + . .      SeeInvis .   a - +0 war axe
rCold   . . .      Faith    .   c - +0 buckler
rNeg    . . .      Spirit   .   b - +0 scale mail
rPois   .          Reflect  .   (helmet restricted)
rElec   .          Harm     .   (no cloak)
rCorr   .          Rampage  .   (no gloves)
Will    .....                   (no boots)
Stlth   ..........              (no amulet)
HPRegen 0.10/turn               j - ring of protection from fire
MPRegen 0.08/turn               (no ring)

@: no status effects
A: horns 2, retaliatory headbutt
a: no special abilities


You were on level 2 of the Dungeon.
You visited 1 branch of the dungeon, and saw 2 of its levels.

You collected 92 gold pieces.

Inventory:

Hand Weapons
 a - a +0 war axe (weapon)
Missiles
 f - 45 arrows
Armour
 b - a +0 scale mail (worn)
 c - a +0 buckler (worn)
Jewellery
 j - a ring of protection from fire (left hand)
Scrolls
 i - 2 scrolls of identify {unknown}
 n - a scroll of summoning {unknown}
 o - a scroll of teleportation {unknown}
 q - a scroll of blinking {unknown}
Potions
 d - 2 potions of might
 e - 2 potions of degeneration {unknown}
 g - 4 potions of curing {unknown}
 h - a potion of resistance {unknown}
 k - a potion of heal wounds {unknown}
 m - a potion of mutation {unknown}
 p - a potion of lignification {unknown}


   Skills:
 - Level 3.6 Fighting
 + Level 3.7 Axes
 - Level 3.6 Armour
 + Level 4.6 Shields


You had 2 spell levels left.
You didn't know any spells.
Your spell library contained the following spells:

 Spells                   Type           Power      Damage    Failure   Level
 Animate Skeleton         Necr           0%         N/A       87%         1
 Beastly Appendage        Tmut           0%         N/A       87%         1
 Pain                     Necr           0%         1d4       87%         1
 Wereblood                Tmut           0%         N/A       95%         2
 Spider Form              Tmut/Pois      0%         N/A       99%         3
 Vampiric Draining        Necr           0%         2d6       99%         3


Dungeon Overview and Level Annotations

Branches:
Dungeon (2/15)

Altars:


Innate Abilities, Weirdness & Mutations

You have a pair of horns on your head.
You reflexively headbutt those who attack you in melee.


Message History

There is an open door here.
You slash the ball python!
You kill the ball python!
No target in view!
No target in view!
You open the door.
A gnoll comes into view.
It is wielding a +0 halberd of distortion.
The gnoll shouts!
You aren't carrying any items that you can evoke.
Unknown command.
There is an open door here.
Throw: 3 darts (poison)
Press: ? - help, Q - select action Shift-Dir - straight line, f - gnoll
Aim: a gnoll, wielding a +0 halberd of distortion (58% to hit)
You throw a poisoned dart.
The poisoned dart barely misses the gnoll.
The gnoll closely misses you.
Unknown command.
Throw: 2 darts (poison)
Press: ? - help, Q - select action Shift-Dir - straight line, f/p - gnoll
Aim: a gnoll, wielding a +0 halberd of distortion (58% to hit)
You throw a poisoned dart.
The poisoned dart closely misses the gnoll.
You block the gnoll's attack.
Unknown command.
Throw: dart (poison)
Press: ? - help, Q - select action Shift-Dir - straight line, f/p - gnoll
Aim: a gnoll, wielding a +0 halberd of distortion (58% to hit)
You throw a poisoned dart.
The poisoned dart closely misses the gnoll.
The gnoll closely misses you.
Unknown command.
The gnoll hits you with a +0 halberd of distortion!
Space warps around you.
You hit the gnoll but do no damage. The gnoll closely misses you.
The gnoll hits you with a +0 halberd of distortion!
* * * LOW HITPOINT WARNING * * *
Space warps horribly around you!!
Ouch! That really hurt!
You die...

+ ##(###
#..g@#####
#.##.'...#
#..###.#
#...##...#
######
######'###
.....#
#..#
.....#
#.##
.....#
##.#
#.####
#..#


You could see a gnoll.

Vanquished Creatures
  4 ball pythons
  3 bats
  5 endoplasms
  3 giant cockroaches
  5 goblins
  5 hobgoblins
  A quokka (D:1)
  A frilled lizard (D:1)
  A kobold (D:1)
  14 rats
42 creatures vanquished.

Notes
Turn   | Place    | Note
-------+----------+-------------------------------------------
     0 | D:1      | PoweredByGinger the Minotaur Fighter began the quest for
                  | the Orb.
     0 | D:1      | Reached XP level 1. HP: 19/19 MP: 0/0
   199 | D:1      | Reached skill level 4 in Shields
   200 | D:1      | Reached XP level 2. HP: 15/26 MP: 1/1
  1065 | D:2      | Reached XP level 3. HP: 31/31 MP: 2/2
  1583 | D:2      | Demolished by a gnoll

Illustrated notes

Levels and vault maps discovered:
D:1:      dpeg_arrival_water_temple_mockup, layout_rooms
D:2:      minmay_chambers_of_ones, layout_rooms, minmay_rat_gold_closets

Skill      XL: |  1  2 |
---------------+-------+-----
Shields        | 4 |  4.6
Axes           | 3 |  3.7
Fighting       | |  3.6
Armour         | |  3.6

Action                   || total
-------------------------++-------
Melee: War axe           ||    90
       Headbutt          ||    14
Throw: Dart              ||     3
Armor: Scale mail        ||    32
Dodge: Dodged            ||    28
Block: Buckler           ||    14
